Map: Orbital Shipyard

Players

fOru - Winner!

  • Race: Terran Terran
  • League: Diamond

ReacH

  • Race: Protoss Protoss
  • League: Platinum

VOD

Have the link to the VOD?

Description

Time

  • Played on: Feb. 24, 2016, 5:04 p.m.
  • Length: 14:21
Show
View Real Time Build Order
Export as new Build Order

fOru Terran - Winner!

Build Orders: MMM Bio 

Get SALT Encoding   

  12  0:01  SCV  
  13  0:13  SCV  
  14  0:19  Supply Depot  
  14  0:25  SCV  
  15  0:40  SCV  
  16  0:48  Refinery  
  16  0:51  Barracks  
  16  0:52  SCV  
  17  1:04  SCV  
  18  1:16  SCV  
  19  1:29  SCV  
  20  1:38  Reaper  
  21  1:43  Orbital Command  
  21  1:45  Command Center  
  21  1:56  Supply Depot  
  21  2:10  SCV  
  22  2:18  Factory  
  22  2:22  SCV  
  23  2:30  Barracks Reactor  
  23  2:34  SCV  
  24  2:37  Refinery  
  24  2:46  SCV  
  25  2:58  SCV  
  25  2:59  Orbital Command  
  26  3:06  Starport  
  26  3:07  Barracks  
  26  3:10  SCV  
  27  3:17  Marine x2  
  29  3:22  SCV  
  29  3:26  SCV  
  31  3:29  Supply Depot  
  31  3:34  Marine  
  31  3:35  Marine, SCV  
  31  3:38  SCV  
  35  3:46  Widow Mine  
  35  3:47  Medivac, SCV  
  39  3:50  SCV  
  39  3:52  Supply Depot  
  39  3:54  Marine x2  
  42  3:56  Barracks Tech Lab  
  42  3:59  Barracks, SCV  
  42  4:02  SCV  
  44  4:04  Engineering Bay  
  44  4:11  SCV  
  44  4:14  Widow Mine, SCV  
  44  4:15  Supply Depot  
  44  4:16  Stimpack  
  48  4:23  Marine x2, SCV  
  48  4:24  Marauder  
  53  4:26  SCV  
  54  4:32  Terran Infantry Weapons Level 1  
  54  4:35  Missile Turret, SCV  
  55  4:38  SCV  
  55  4:39  Missile Turret  
  55  4:41  Marine  
  55  4:43  Marine  
  55  4:44  Marine  
  59  4:52  Barracks Tech Lab  
  59  4:53  Medivac, Factory Reactor  
  59  4:55  SCV x2  
  59  4:59  Supply Depot  
  63  5:00  Supply Depot  
  63  5:01  Marine  
  64  5:07  SCV x2  
  66  5:19  SCV  
  62  5:28  SCV  
  62  5:31  SCV  
  62  5:32  Combat Shields  
  62  5:33  Marine x3  
  62  5:34  Marine  
  62  5:35  Command Center  
  68  5:40  SCV  
  68  5:42  Barracks  
  69  5:43  Barracks  
  69  5:44  Engineering Bay, Refinery  
  69  5:45  Refinery  
  69  5:50  Medivac  
  69  5:51  Marine  
  69  5:52  Marauder x2  
  76  5:57  SCV  
  76  5:58  SCV  
  76  5:59  Marine  
  79  6:08  Supply Depot  
  79  6:09  Missile Turret  
  79  6:10  Supply Depot, SCV x2  
  81  6:13  Marauder  
  81  6:14  Terran Infantry Armor Level 1  
  81  6:16  Concussive Shells  
  83  6:19  Marine, Marauder  
  86  6:27  Missile Turret  
  86  6:29  SCV  
  86  6:30  SCV  
  86  6:31  Marine x2  
  88  6:35  Marauder  
  84  6:40  Marauder  
  76  6:51  Marine x3  
  71  6:56  Marauder  
  72  7:02  Marauder  
  72  7:03  SCV x2  
  75  7:09  Marine x3  
  75  7:13  Missile Turret  
  75  7:15  SCV  
  79  7:17  Marauder  
  81  7:23  Supply Depot, Missile Turret, Marauder  
  81  7:25  SCV  
  81  7:27  Orbital Command, SCV  
  85  7:37  SCV  
  85  7:39  SCV, Factory Reactor, Marauder  
  85  7:41  Medivac  
  85  7:42  Missile Turret  
  91  7:45  Marine  
  91  7:49  SCV  
  94  7:51  SCV  
  94  7:54  Marine x2, Marauder  
  94  7:57  Medivac  
  100  7:58  SCV  
  100  8:00  Marauder  
  100  8:01  SCV  
  100  8:04  Armory  
  104  8:10  SCV  
  104  8:11  SCV  
  106  8:15  Supply Depot  
  106  8:17  Supply Depot, Marine  
  106  8:18  Barracks Tech Lab  
  107  8:21  Supply Depot  
  88  9:00  Marine x3  
  88  9:01  Marauder x2  
  87  9:03  SCV x3  
  87  9:05  Refinery  
  87  9:06  Refinery  
  87  9:07  Barracks, Command Center  
  87  9:09  Barracks, Terran Infantry Weapons Level 2  
  90  9:10  Terran Infantry Armor Level 2  
  90  9:11  Barracks  
  90  9:15  SCV x2  
  93  9:18  Barracks Tech Lab  
  93  9:19  Marauder  
  96  9:26  SCV  
  96  9:27  SCV  
  98  9:35  Marine x3  
  98  9:36  Marauder  
  103  9:40  Marauder  
  103  9:43  Starport, Terran Ship Weapons Level 1  
  103  9:47  SCV x2  
  103  9:52  Sensor Tower  
  107  9:53  Marine x2  
  107  9:54  Factory Reactor, Marauder  
  107  9:55  Medivac  
  107  9:56  Medivac  
  115  10:06  Marauder  
  118  10:08  Liberator x2  
  118  10:09  Barracks Tech Lab x2, Barracks Reactor  
  118  10:11  Marine x2, Marauder  
  118  10:12  Marauder  
  121  10:15  Marine  
  122  10:27  Marine  
  127  10:29  Marine x2  
  127  10:31  Supply Depot  
  127  10:32  Marine  
  127  10:33  Supply Depot, Marauder x4  
  138  10:45  Marine  
  138  10:46  Marine  
  138  10:48  Marine x3  
  138  10:49  Liberator  
  143  10:51  Marauder  
  143  10:54  Marine, Marauder x2  
  145  10:58  SCV x3  
  145  10:59  Liberator x2  
  145  11:02  Liberator, Marauder  
  145  11:03  Marine  
  151  11:04  Marine  
  151  11:07  Missile Turret  
  151  11:10  Planetary Fortress, SCV  
  151  11:11  SCV  
  157  11:12  Marauder  
  168  11:28  Sensor Tower  
  168  11:33  Terran Infantry Weapons Level 3  
  168  11:36  Supply Depot  
  168  11:38  Terran Infantry Armor Level 3  
  168  11:42  Terran Ship Weapons Level 2  
  168  11:47  Liberator, Refinery x2  
  168  11:58  Marine x2  
  168  11:59  Marauder  
  168  12:00  Command Center  
  172  12:01  Ghost Academy  
  175  12:13  Marine x3  
  175  12:14  Marauder  
  180  12:19  Marauder  
  180  12:25  Supply Depot  
  180  12:27  Supply Depot  
  180  12:28  Supply Depot  
  180  12:29  Liberator x2  
  180  12:31  Liberator x2  
  180  12:36  Personal Cloaking  
  180  12:47  Marauder  
  186  13:12  Marine x5, Liberator, Marauder  
  194  13:13  Marine, Marauder x2  
  196  13:31  Medivac  
Show
View Real Time Build Order
Export as new Build Order

ReacH Protoss 

Build Orders: 1 Gate Expand 

Get SALT Encoding   

  12  0:01  Probe (Chrono Boost)  
  13  0:12  Probe (Chrono Boost)  
  14  0:17  Pylon  
  14  0:22  Probe (Chrono Boost)  
  16  0:35  Probe (Chrono Boost)  
  16  0:36  Gateway  
  16  0:45  Assimilator  
  16  0:46  Probe (Chrono Boost)  
  17  0:56  Probe (Chrono Boost)  
  18  1:07  Probe (Chrono Boost)  
  19  1:20  Nexus  
  20  1:30  Cybernetics Core  
  20  1:32  Probe (Chrono Boost)  
  20  1:43  Assimilator  
  20  1:44  Pylon  
  20  1:48  Probe (Chrono Boost)  
  21  1:58  Probe (Chrono Boost)  
  22  2:06  Stalker (Chrono Boost)  
  24  2:09  Probe  
  25  2:21  Probe  
  26  2:29  Warp Gate  
  26  2:31  Probe  
  26  2:33  Stalker (Chrono Boost), Probe  
  30  2:41  Probe  
  30  2:45  Probe  
  31  2:52  Probe (Chrono Boost)  
  31  2:58  Mothership Core (Chrono Boost)  
  34  3:04  Probe (Chrono Boost)  
  35  3:08  Robotics Facility  
  35  3:15  Probe (Chrono Boost)  
  35  3:17  Probe (Chrono Boost)  
  37  3:22  Twilight Council  
  37  3:25  Probe (Chrono Boost)  
  38  3:29  Probe (Chrono Boost)  
  39  3:36  Probe (Chrono Boost)  
  39  3:39  Probe (Chrono Boost)  
  41  3:46  Probe (Chrono Boost)  
  41  3:47  Stalker  
  44  3:51  Probe (Chrono Boost)  
  45  4:00  Dark Shrine  
  45  4:01  Pylon  
  45  4:04  Pylon, Probe (Chrono Boost)  
  46  4:19  Probe x2 (Chrono Boost)  
  46  4:20  Gateway  
  46  4:22  Gateway  
  48  4:24  Assimilator  
  48  4:25  Warp Prism (Chrono Boost)  
  48  4:26  Assimilator  
  48  4:29  Probe (Chrono Boost)  
  48  4:30  Probe (Chrono Boost)  
  52  4:41  Probe  
  52  4:42  Probe  
  54  4:53  Probe  
  54  4:54  Probe  
  54  4:55  Pylon  
  54  4:56  Pylon  
  54  4:58  Observer  
  56  5:01  Stalker  
  56  5:05  Probe  
  60  5:12  Probe  
  54  5:17  Observer  
  55  5:33  Dark Templar x2  
  59  5:42  Probe x2  
  61  5:46  Nexus  
  61  5:47  Forge, Pylon  
  61  5:49  Observer  
  61  5:52  Forge, Blink (Chrono Boost)  
  61  5:56  Probe  
  63  6:02  Probe  
  64  6:08  Dark Templar, Probe  
  67  6:11  Immortal  
  67  6:14  Pylon, Probe  
  67  6:15  Pylon  
  72  6:20  Probe  
  73  6:26  Probe  
  73  6:32  Probe  
  68  6:42  Probe  
  65  6:47  Probe  
  65  6:50  Dark Templar  
  65  6:51  Dark Templar  
  66  6:54  Probe  
  66  6:58  Protoss Ground Armor Level 1 (Chrono Boost)  
  66  6:59  Probe  
  62  7:02  Protoss Ground Weapons Level 1 (Chrono Boost)  
  62  7:06  Immortal (Chrono Boost), Probe  
  65  7:11  Probe  
  65  7:14  Probe  
  66  7:17  Pylon  
  66  7:22  Gateway  
  67  7:24  Gateway, Probe x2  
  67  7:25  Probe  
  70  7:31  Sentry  
  70  7:36  Probe x3  
  75  7:47  Stalker x2, Observer (Chrono Boost)  
  75  7:48  Probe x2  
  82  7:57  Stalker, Probe  
  85  8:11  Stalker  
  85  8:12  Zealot  
  93  8:15  Pylon x2  
  91  8:31  Stalker  
  91  8:32  Stalker  
  93  8:41  Dark Templar x2  
  71  8:57  Gateway  
  71  8:58  Gateway  
  69  9:03  Probe x2  
  69  9:04  Assimilator  
  69  9:06  Assimilator  
  69  9:09  Immortal (Chrono Boost)  
  71  9:12  Probe  
  71  9:16  Probe  
  73  9:20  Pylon  
  73  9:22  Probe  
  74  9:24  Pylon  
  74  9:26  Templar Archives, Probe  
  74  9:30  Zealot x4  
  83  9:41  Zealot  
  85  9:52  Zealot x4  
  91  9:54  Probe x2  
  91  9:56  Charge  
  95  10:05  Zealot  
  97  10:08  Probe  
  97  10:11  Immortal (Chrono Boost)  
  102  10:30  High Templar  
  102  10:31  High Templar, Zealot x3  
  102  10:32  Zealot  
  102  10:33  Probe  
  102  10:34  Probe  
  116  10:38  Pylon  
  116  10:39  Pylon  
  115  10:56  Sentry  
  115  10:58  Zealot x3  
  115  11:03  Zealot  
  123  11:04  Zealot  
  123  11:06  Gateway  
  123  11:07  Gateway  
  125  11:15  Photon Cannon  
  125  11:16  Protoss Ground Weapons Level 2, Psionic Storm  
  125  11:17  Photon Cannon  
  125  11:21  Photon Cannon  
  125  11:23  Stalker x3  
  131  11:39  High Templar x2  
  135  11:55  Stalker x2  
  139  12:02  Nexus  
  139  12:24  Pylon  
  139  12:25  High Templar x2  
  139  12:26  Zealot  
  139  12:27  Pylon, Zealot  
  147  12:37  Zealot x3  
  153  12:48  Stalker x2  
  157  12:51  Pylon  
  139  13:12  High Templar x2  
  137  13:13  High Templar x5  
  124  13:45  Stalker x5  
  124  13:46  Stalker x2  
  114  14:07  Nexus  
  74  14:12  Stalker x3  
  74  14:13  Stalker x2  
Tags
 
Add a new tag
Caveats
  • Supply blocks, unpowered buildings, or Contaminate may cause inaccurate times.
  • Supply counts are checked every 10 seconds.